 Dungeon Crawl Stone Soup version 0.30-a0-782-ge64f9170bb (webtiles) character file.

Game seed: 3909139390819675600

416 shadizar the Trooper (level 6, -1/40 HPs)
             Began as a Gargoyle Fighter on Mar 18, 2023.
             Slain by a wight
             ... wielding a +0 morningstar
              (4 damage)
             ... on level 4 of the Dungeon.
             The game lasted 00:03:58 (2782 turns).

shadizar the Trooper (Gargoyle Fighter)             Turns: 2782, Time: 00:03:59

Health: -1/40      AC: 16    Str: 22    XL:     6   Next: 92%
Magic:  6/6        EV:  8    Int:  8    God:
Gold:   239        SH:  4    Dex:  9    Spells: 5/5 levels left

rFire   . . .      SeeInvis .    j - +1 whip (freeze)
rCold   . . .      Faith    .    c - +0 buckler
rNeg    + . .      Spirit   .    t - +0 chain mail
rPois   ∞          Reflect  .    B - +1 hat
rElec   +          Harm     .    (no cloak)
rCorr   .          Rampage  .    o - +0 pair of gloves
Will    .....                    (no boots) Stlth
                                 (no amulet)
HPRegen 0.26/turn                (no ring)
MPRegen 0.10/turn                (no ring)

@: no status effects
A: sickness immunity, AC +4, negative energy resistance 1, electricity
resistance, torment resistance 1, petrification resistance
a: no special abilities


You were on level 4 of the Dungeon.
You visited 1 branch of the dungeon, and saw 4 of its levels.

You collected 239 gold pieces.

Inventory:

Hand Weapons
 a - a +0 trident
 j - a +1 whip of freezing (weapon)
 m - a +0 sling
 q - a +0 war axe
 C - a +3 falchion
Missiles
 n - 38 stones (quivered)
Armour
 c - a +0 buckler (worn)
 o - a +0 pair of gloves (worn)
 t - a +0 chain mail (worn)
 B - a +1 hat (worn)
Jewellery
 v - a ring of wizardry
Scrolls
 f - a scroll of noise {unknown}
 h - a scroll of vulnerability {unknown}
 l - 2 scrolls of teleportation {unknown}
 p - 2 scrolls of enchant armour {unknown}
 r - 4 scrolls of identify {unknown}
 s - a scroll of fear {unknown}
 x - a scroll of poison {unknown}
 y - a scroll of magic mapping {unknown}
 z - 3 scrolls of enchant weapon {unknown}
 A - a scroll of torment {unknown}
Potions
 b - a potion of attraction {unknown}
 d - 3 potions of might
 e - 3 potions of curing {unknown}
 g - a potion of mutation {unknown}
 i - 2 potions of lignification {unknown}
 k - 3 potions of cancellation {unknown}
 u - a potion of resistance {unknown}
 w - a potion of heal wounds {unknown}


   Skills:
 * Level 5.4 Fighting
 + Level 2.3 Maces & Flails
 - Level 1.9 Polearms
 + Level 4.6 Armour
 + Level 1.9 Dodging
 + Level 4.5 Shields


You had 5 spell levels left.
You didn't know any spells.
Your spell library contained the following spells:

 Spells                   Type           Power      Damage    Failure   Level
 Blink                    Tloc           0%         N/A       100%        2
 Lesser Beckoning         Tloc           0%         N/A       100%        2
 Momentum Strike          Conj/Tloc      0%         3d8       100%        2


Dungeon Overview and Level Annotations

Branches:
Dungeon (4/15)
 Temple: D:4-7

Altars:
Ru


Innate Abilities, Weirdness & Mutations

You are immune to sickness and miasma.
Your stone body is resilient. (AC +4)
You are immune to poison.
You resist negative energy. (rN+)
You are resistant to electric shocks. (rElec)
You are resistant to unholy torment.
You are immune to petrification.


Message History

The wight hits you but does no damage.
You hit the wight.
The wight is almost destroyed.
The wight hits you but does no damage.
You closely miss the wight.
The wight is almost destroyed.
You block the wight's attack.
You hit the wight but do no damage.
The wight is almost destroyed.
The wight hits you with a +0 morningstar.
You hit the wight but do no damage.
The wight is severely damaged.
The wight hits you but does no damage.
You hit the wight.
The wight is almost destroyed.
The wight hits you but does no damage.
You hit the wight but do no damage.
The wight is almost destroyed.
The wight closely misses you.
You hit the wight but do no damage.
The wight is almost destroyed.
You block the wight's attack.
You barely miss the wight.
The wight is almost destroyed.
The wight hits you with a +0 morningstar.
* * * LOW HITPOINT WARNING * * *
You barely miss the wight.
The wight is almost destroyed.
The wight hits you but does no damage.
You closely miss the wight.
The wight is almost destroyed.
The wight hits you but does no damage.
You barely miss the wight.
The wight is almost destroyed.
The wight hits you with a +0 morningstar.
* * * LOW HITPOINT WARNING * * *
You hit the wight.
The wight is almost destroyed.
The wight hits you with a +0 morningstar.
You die...

# ###
##
#.#....
.#.#.
... #.#
#z#
###@#
#...#
#)###
#.###
#.#
#.#.##
.>#
#....#
##.#
###.##
#..#
#.#
#..#
#.#
#..#


You could see a wight.

Vanquished Creatures
  4 wights (D:4)
  A jelly (D:4)
  Jessica (D:3)
  3 gnolls
  7 adders
  A dart slug (D:4)
  An orc (D:3)
  3 ball pythons
  6 endoplasms
  3 giant cockroaches
  5 hobgoblins
  10 kobolds
  A quokka (D:3)
  7 bats
  5 frilled lizards
  9 goblins
  2 rats
69 creatures vanquished.

Notes
Turn   | Place    | Note
-------+----------+-------------------------------------------
     0 | D:1      | shadizar the Gargoyle Fighter began the quest for the Orb.
     0 | D:1      | Reached XP level 1. HP: 14/14 MP: 1/1
   180 | D:1      | Reached XP level 2. HP: 19/19 MP: 2/2
   737 | D:2      | Reached XP level 3. HP: 24/24 MP: 3/3
   937 | D:2      | Reached skill level 4 in Fighting
  1001 | D:2      | Reached XP level 4. HP: 29/29 MP: 4/4
  1195 | D:3      | Reached skill level 1 in Maces & Flails
  1477 | D:3      | Reached skill level 1 in Dodging
  1559 | D:3      | Noticed Jessica
  1566 | D:3      | Killed Jessica
  1677 | D:3      | Reached XP level 5. HP: 34/34 MP: 5/5
  2227 | D:4      | Found a sacrificial altar of Ru.
  2623 | D:4      | Reached skill level 5 in Fighting
  2623 | D:4      | Reached XP level 6. HP: 12/40 MP: 6/6
  2782 | D:4      | Slain by a wight

Illustrated notes

Levels and vault maps discovered:
D:1:      dpeg_arrival_solitude, layout_loops_ring,
          minmay_misc_feat_four_crosses
D:2:      layout_basic
D:3:      minmay_skewed_foursquare, layout_rooms, kennysheep_generic_room_4,
          uniq_jessica
D:4:      layout_loops_cross, amcnicky_altar_gilded

Skill      XL: |  1  2  3  4  5  6 |
---------------+-------------------+-----
Fighting       | 4 5 |  5.4
Maces & Flails | 1 2 |  2.3
Dodging        | 1 |  1.9
Armour         | 4 |  4.6
Shields        | 4 |  4.5
Polearms       | |  1.9

Action                     |  1- 3 |  4- 6 || total
---------------------------+-------+-------++-------
  Melee: Trident           |    24 |       ||    24
         Whip              |    99 |   173 ||   272
 Armour: Scale mail        |    55 |     1 ||    56
         Chain mail        |       |    73 ||    73
  Dodge: Dodged            |    51 |    61 ||   112
  Block: Buckler           |    24 |    35 ||    59

Table legend: (Time is in decaauts)
 A = Elapsed time spent in this place.
 B = Non-inter-level travel time spent in this place.
 C = Inter-level travel time spent in this place.
 D = Time resting spent in this place.
 E = Time spent auto-exploring this place.
 F = Levels seen in this place.
 G = Mean time per level.
                   A        B        C        D        E       F      G
               +--------+--------+--------+--------+--------+-----+--------+
         Total |   2813 |   2743 |     70 |      0 |   2030 |   4 |  703.2 |
       Dungeon |   2813 |   2743 |     70 |      0 |   2030 |   4 |  703.2 |
               +--------+--------+--------+--------+--------+-----+--------+

Top non-repeatable levels by time:
     D:3: 824 daAuts
     D:4: 779 daAuts
     D:1: 653 daAuts
     D:2: 556 daAuts
